 Dungeon Crawl Stone Soup version 0.25.1-9-gc5326a611f (webtiles) character file.

Game seed: 14830881820312214499

25 theanonym the Vexing (level 2, -1/22 HPs)
             Began as a Mummy Enchanter on Sept 1, 2021.
             Slain by a rat (3 damage)
             ... on level 2 of the Dungeon.
             The game lasted 00:01:21 (1269 turns).

theanonym the Vexing (Mummy Enchanter)              Turns: 1269, Time: 00:01:21

Health: -1/22      AC:  7    Str: 11    XL:     2   Next: 86%
Magic:  5/5        EV:  9    Int: 14    God:
Gold:   42         SH:  0    Dex: 12    Spells: 5/6 levels left

rFire    x . .     SeeInvis .   h - +0 club
rCold    + . .     Gourm    .   (no shield)
rNeg     + + +     Faith    .   g - +0 scale mail
rPois    ∞         Spirit   .   (no helmet)
rElec    .         Reflect  .   (no cloak)
rCorr    .         Harm     .   i - +0 pair of gloves
MR       .....                  (no boots)
Stlth    +.........             (no amulet)
HPRegen  0.07/turn              (no ring)
MPRegen  0.09/turn              (no ring)

@: no status effects
A: no food or potions, fire vulnerability, cold resistance 1, negative energy
resistance 3, torment resistance, unbreathing
a: no special abilities


Innate Abilities, Weirdness & Mutations

You do not eat or drink.
Your flesh is vulnerable to fire.
You are immune to poison.
Your flesh is cold resistant. (rC+)
You are immune to negative energy. (rN+++)
You are immune to unholy pain and torment.
You can survive without breathing.


   Skills:
 + Level 1.9 Fighting
 - Level 0.7 Short Blades
 * Level 1.2 Maces & Flails
 - Level 1.5 Dodging
 - Level 2.4 Stealth
 - Level 2.6 Spellcasting
 - Level 2.6 Hexes


You had 5 spell levels left.
You knew the following spells:

 Your Spells              Type           Power        Failure   Level  Hunger
a - Corona                Hex            #......      43%         1    N/A

Your spell library contained the following spells:

 Spells                   Type           Power        Failure   Level  Hunger
 Ensorcelled Hibernation  Hex/Ice        #.....       77%         2    N/A
 Confusing Touch          Hex            #.......     80%         3    N/A
 Tukima's Dance           Hex            #.......     80%         3    N/A
 Dazzling Flash           Conj/Hex       #.....       94%         3    N/A

Skill      XL: |  1  2 |
---------------+-------+-----
Fighting       | 1 |  1.9
Maces & Flails | 1 |  1.2
Short Blades   | |  0.7
Dodging        | |  1.5
Stealth        | |  2.4
Spellcasting   | |  2.6
Hexes          | |  2.6

Action                   || total
-------------------------++-------
Melee: Dagger            ||    20
       Club              ||    79
Armor: Robe              ||     6
       Scale mail        ||    58
Dodge: Dodged            ||    77

Inventory:

Hand Weapons
 a - a +1 dagger
 h - a +0 club (weapon)
Armour
 b - a +0 robe
 g - a +0 scale mail (worn)
 i - a +0 pair of gloves (worn)
 m - a +0 buckler
Scrolls
 c - a scroll of immolation {unknown}
 d - 2 scrolls of remove curse {unknown}
 e - a scroll of blinking {unknown}
 f - 3 scrolls of identify {unknown}
 j - a scroll of enchant armour {unknown}
 k - a scroll of teleportation {unknown}
 l - a scroll of random uselessness {unknown}


You were on level 2 of the Dungeon.
You were not hungry.

You visited 1 branch of the dungeon, and saw 2 of its levels.

You collected 42 gold pieces.

Dungeon Overview and Level Annotations

Branches:
Dungeon (2/15)

Altars:

#. #.... #...
# #... #. #..
#.##..
#....###+##...
#>...@r.......
##.#.###.##...
#.# ##...# #.#
#...# #.#
#...# #.#
#...# #.#
#...# #.#
#...# #.#
#.##...#


You could see a rat.

Notes
Turn   | Place    | Note
-------+----------+-------------------------------------------
     0 | D:1      | theanonym the Mummy Enchanter began the quest for the Orb.
     0 | D:1      | Reached XP level 1. HP: 13/13 MP: 4/4
    50 | D:1      | Reached skill level 1 in Fighting
   447 | D:1      | Reached XP level 2. HP: 21/21 MP: 5/5
  1025 | D:2      | HP: 10/22 [quokka (3)]
  1209 | D:2      | Reached skill level 1 in Maces & Flails
  1262 | D:2      | HP: 4/22 [hobgoblin/puff of flame (15)]
  1269 | D:2      | Slain by a rat

Vanquished Creatures
  3 giant cockroaches
  5 goblins
  3 hobgoblins
  A quokka (D:2)
  3 bats
  A frilled lizard (D:1)
  2 kobolds (D:1)
  7 rats
25 creatures vanquished.

Table legend:
 A = Turns spent in this place as a percentage of turns spent in the entire game.
 B = Non-inter-level travel turns spent in this place as a percentage of non-inter-level travel turns spent in the entire game.
 C = Inter-level travel turns spent in this place as a percentage of turns spent in this place.
 D = Turns resting spent in this place as a percentage of non-inter-level travel turns spent in this place.
 E = Turns spent auto-exploring this place as a percentage of non-inter-level travel turns spent in this place.
 F = Non-inter-level travel turns spent in this place divided by the number of levels of this place that you've seen.
                   A       B       C       D       E      F
               +-------+-------+-------+-------+-------+----------------------
         Total | 100.0 | 100.0 |   3.3 |  28.3 |  55.4 | 613.5
       Dungeon | 100.0 | 100.0 |   3.3 |  28.3 |  55.4 | 613.5
               +-------+-------+-------+-------+-------+----------------------
